 Dungeon Crawl Stone Soup version 0.28-a0-461-g2dc4ca5097 (webtiles) character file.

Game seed: 8280575029224529162

174 Zenkrye the Digger (level 5, 0/38 HPs)
             Began as a Demigod Earth Elementalist on Sept 13, 2021.
             Killed by divine providence
             ... invoked by an orc priest
              (13 damage)
             ... on level 3 of the Dungeon.
             The game lasted 00:07:59 (2763 turns).

Zenkrye the Digger (Demigod Earth Elementalist)     Turns: 2763, Time: 00:07:59

Health: 0/38       AC:  5    Str:  9    XL:     5   Next: 7%
Magic:  8/21       EV: 12    Int: 21    God:
Gold:   72         SH:  0    Dex: 14    Spells: 6/10 levels left

rFire   . . .      SeeInvis .   f - +0 hunting sling {@w2}
rCold   . . .      Faith    .   (no shield)
rNeg    . . .      Spirit   .   s - +1 animal skin
rPois   .          Reflect  .   r - +0 helmet
rElec   .          Harm     .   t - +0 cloak
rCorr   .          Rampage  .   (no gloves)
Will    .....                   (no boots)
Stlth   ++........              (no amulet)
HPRegen 0.12/turn               x - ring of magical power
MPRegen 0.17/turn               (no ring)

@: very slightly contaminated
A: high mp 1, forlorn
a: no special abilities


You were on level 3 of the Dungeon.
You visited 1 branch of the dungeon, and saw 3 of its levels.

You collected 72 gold pieces.

Inventory:

Hand Weapons
 f - a +0 hunting sling (weapon) {@w2}
 q - a +1 dagger of draining
Missiles
 c - 119 stones
 d - 10 javelins
 e - 21 sling bullets (quivered ammo)
 j - 28 bolts
 k - 6 boomerangs
Armour
 b - a +0 robe
 l - a +0 leather armour
 r - a +0 helmet (worn)
 s - a +1 animal skin (worn)
 t - a +0 cloak (worn)
Jewellery
 x - a ring of magical power (left hand)
Scrolls
 a - a scroll of fear {unknown}
 g - 2 scrolls of enchant weapon {unknown}
 h - 4 scrolls of identify {unknown}
 i - 2 scrolls of noise {unknown}
 m - a scroll of blinking {unknown}
 p - 3 scrolls of amnesia {unknown}
Potions
 n - 2 potions of curing {unknown}
 o - a potion of magic {unknown}


   Skills:
 - Level 1.7 Dodging
 - Level 1.7 Stealth
 - Level 3.0 Spellcasting
 + Level 1.7 Conjurations
 - Level 2.0 Transmutations
 + Level 3.8 Earth Magic


You had 6 spell levels left.
You knew the following spells:

 Your Spells              Type           Power      Damage    Failure   Level
a - Sandblast             Erth           38%        2d10      2%          1
q - Stone Arrow           Conj/Erth      28%        3d8       13%         3

Your spell library contained the following spells:

 Spells                   Type           Power      Damage    Failure   Level
 Passwall                 Tmut/Erth      12%        N/A       6%          2
 Petrify                  Tmut/Erth      15%        N/A       36%         4


Dungeon Overview and Level Annotations

Branches:
Dungeon (3/15)

Shops:
D:1 *


Innate Abilities, Weirdness & Mutations

Your attributes grow dramatically as you level up.
You have an increased reservoir of magic. (+10% MP)
You shall have no god before yourself.


Message History

c - 123 stones The orc misses you.
Casting: Sandblast (safe; 2% risk of failure)
Confirm with . or Enter, or press ? or * to list all spells.
Aiming: Sandblast (safe; 2% risk of failure)
Press: ? - help, Shift-Dir - straight line, f/p - orc
Aim: an orc, wielding a +0 hand axe and wearing a +0 ring mail (severely wounded, 82% to hit)
The blast of sand hits the orc.
You kill the orc!
c - 122 stones
Casting: Sandblast (safe; 2% risk of failure)
Confirm with . or Enter, or press ? or * to list all spells.
Aiming: Sandblast (safe; 2% risk of failure)
Press: ? - help, Shift-Dir - straight line, f - orc priest
Aim: an orc priest, wielding a +0 dagger and wearing a +0 ring mail (82% to hit)
The blast of sand misses the orc priest.
The blast of sand hits the orc!
You kill the orc!
c - 121 stones The orc priest mumbles some strange prayers to Beogh against you.
Beogh smites you!
Casting: Sandblast (safe; 2% risk of failure)
Confirm with . or Enter, or press ? or * to list all spells.
Aiming: Sandblast (safe; 2% risk of failure)
Press: ? - help, Shift-Dir - straight line, f/p - orc priest
Aim: an orc priest, wielding a +0 dagger and wearing a +0 ring mail (82% to hit)
The blast of sand hits the orc priest but does no damage.
c - 120 stones The orc priest hits you but does no damage.
Casting: Sandblast (safe; 2% risk of failure)
Confirm with . or Enter, or press ? or * to list all spells.
Aiming: Sandblast (safe; 2% risk of failure)
Press: ? - help, Shift-Dir - straight line, f/p - orc priest
Aim: an orc priest, wielding a +0 dagger and wearing a +0 ring mail (82% to hit)
The blast of sand hits the orc priest!
The orc priest is severely wounded.
c - 119 stones The orc priest mumbles some strange prayers to Beogh against you.
Beogh smites you!
You die...

.o... ..
#..###....
#........8
#.###..##.###.
#......#
###.##)#
#.##.# #.##o#
#.##@#
#######.##.#
####
...........#
....
#######.####
#### #####.#
#.....#
#.##### #.#
#.#


You could see an orc priest.

Vanquished Creatures
  A hound (D:2)
  Crazy Yiuf (D:2)
  Robin (D:2)
  An adder (D:2)
  A howler monkey skeleton (D:3)
  A worm (D:2)
  2 dart slugs
  3 orcs (D:3)
  8 ball pythons
  A bat (D:2)
  An endoplasm (D:1)
  A giant cockroach (D:1)
  7 hobgoblins
  12 jackals
  6 kobolds
  3 quokkas (D:1)
  2 frilled lizards
  12 goblins
  3 rats
67 creatures vanquished.

Vanquished Creatures (others)
  A fungus (D:1)
1 creature vanquished.

Grand Total: 68 creatures vanquished

Notes
Turn   | Place    | Note
-------+----------+-------------------------------------------
     0 | D:1      | Zenkrye the Demigod Earth Elementalist began the quest for
                  | the Orb.
     0 | D:1      | Reached XP level 1. HP: 14/14 MP: 5/5
    68 | D:1      | Reached skill level 1 in Transmutations
   165 | D:1      | Reached XP level 2. HP: 19/20 MP: 5/7
   798 | D:1      | Reached XP level 3. HP: 26/26 MP: 9/9
   802 | D:1      | Found Roiskik's General Store.
  1048 | D:2      | Learned a level 3 spell: Stone Arrow
  1432 | D:2      | Reached XP level 4. HP: 33/33 MP: 10/10
  1510 | D:2      | Found a runed translucent door.
  1511 | D:2      | Noticed Crazy Yiuf
  1732 | D:2      | Reached skill level 1 in Conjurations
  1752 | D:2      | Noticed Robin
  1759 | D:2      | Killed Robin
  2321 | D:2      | Killed Crazy Yiuf
  2574 | D:3      | Reached XP level 5. HP: 32/38 MP: 12/12
  2763 | D:3      | Killed from afar by an orc priest

Illustrated notes

Levels and vault maps discovered:
D:1:      dpeg_arrival_snail, layout_basic,
          dreamdust_ecumenical_altar_hidden_monk_grotto, serial_shops,
          nicolae_lakefront_shop, minmay_small_reverse_x
D:2:      layout_basic, uniq_robin, uniq_crazy_yiuf_cottage
D:3:      wander_river, layout_loops_ring, makhleb_altar_promises_db,
          uniq_sigmund

Skill      XL: |  1  2  3  4  5 |
---------------+----------------+-----
Transmutations | 1 2 |  2.0
Spellcasting   | 2 3 |  3.0
Earth Magic    | 3 |  3.8
Conjurations   | 1 |  1.7
Dodging        | |  1.7
Stealth        | |  1.7

Action                   |  1- 3 |  4- 6 || total
-------------------------+-------+-------++-------
Melee: Unarmed           |     4 |       ||     4
 Fire: Hunting sling     |    37 |    49 ||    86
Throw: Javelin           |    11 |       ||    11
 Cast: Sandblast         |    28 |    28 ||    56
       Stone Arrow       |       |     3 ||     3
Armor: Leather armour    |     2 |     4 ||     6
       Animal skin       |       |     2 ||     2
Dodge: Dodged            |    19 |    21 ||    40

Table legend: (Time is in decaauts)
 A = Elapsed time spent in this place.
 B = Non-inter-level travel time spent in this place.
 C = Inter-level travel time spent in this place.
 D = Time resting spent in this place.
 E = Time spent auto-exploring this place.
 F = Levels seen in this place.
 G = Mean time per level.
                   A        B        C        D        E       F      G
               +--------+--------+--------+--------+--------+-----+--------+
         Total |   2782 |   2583 |    199 |      0 |   2174 |   3 |  927.3 |
       Dungeon |   2782 |   2583 |    199 |      0 |   2174 |   3 |  927.3 |
               +--------+--------+--------+--------+--------+-----+--------+

Top non-repeatable levels by time:
     D:2: 1556 daAuts
     D:1: 919 daAuts
     D:3: 307 daAuts
